AoeStats
← THL

Arabia

509013699Analyzed
1v1 RM · 8d ago on Sep 25, 2026· 31m 41s· 2 players
Game mode
Random Map
Map size
Tiny (2 player)
Population
200
Speed
Normal
Resources
Standard
Victory
Conquest
Starting age
Dark Age
Ending age
Imperial Age
RankedLock teamsTeams togetherTeam positionsShared explorationLock speedFull tech treeHidden civsTurbo modeCheats
Victory
Defeat
🇻🇳 Tatars · Vietnam
1767
+15
🇨🇳 Tatars · China
1749
-15
精锐菜鸟
7:12 Loom
9:27 Feudal Age
10:02 Double-Bit Axe
11:02 Horse Collar
15:25 Wheelbarrow
20:25 Castle Age
19:29 Fletching
19:44 Gold Mining
20:14 Padded Archer Armor
20:29 Crossbowman
21:25 Bodkin Arrow
22:50 Ballistics
24:49 Leather Archer Armor
26:32 Bow Saw
31:40 Town Watch
THL
6:19 Loom
8:57 Feudal Age
9:30 Double-Bit Axe
17:04 Fletching
19:46 Padded Archer Armor
22:24 Castle Age
22:28 Crossbowman
23:04 Bodkin Arrow
23:20 Bow Saw
26:16 Ballistics
27:17 Gold Mining
29:24 Wheelbarrow
29:22 Leather Archer Armor
30:57 Bloodlines
31:46 Husbandry
Connection lost

Rejoining the realm…

Still unreachable

The connection could not be restored.

Session expired

The server has moved on; the page needs a fresh start.